 Dungeon Crawl Stone Soup version 0.18.1-50-g88ac8fd (webtiles) character file.

49 Amnesiac the Cutter (level 3, -1/29 HPs)
             Began as a Merfolk Fighter on Mar 8, 2018.
             Slain by Amnesiac's ghost (5 damage)
             ... on level 4 of the Dungeon.
             The game lasted 00:03:10 (543 turns).

Amnesiac the Cutter (Merfolk Fighter)                Turns: 543, Time: 00:03:11

Health: -1/29      AC:  7    Str: 17    XL:     3   Next: 77%
Magic:  3/3        EV:  4    Int:  7    God:
Gold:   67         SH: 13    Dex: 13    Spells: 0 memorised, 2 levels left

rFire  . . .     SeeInvis .     a - +0 rapier
rCold  . . .     Gourm    .     b - +0 scale mail
rNeg   . . .     Faith    .     e - +0 large shield (curse)
rPois  .         Spirit   .     (no helmet)
rElec  .         Dismiss  .     (no cloak)
rCorr  .         Reflect  .     (no gloves)
SustAt .         Harm     .     (no boots)
MR     +....                    (no amulet)
Stlth  ..........               (no ring)
                                i - ring of protection from magic

@: lethally poisoned (-1 -> -6), somewhat resistant to hostile enchantments,
extremely unstealthy
A: change form in water, swift swim, shaggy fur 1
a: no special abilities


You were on level 4 of the Dungeon.
You were not hungry.

You visited 1 branch of the dungeon, and saw 4 of its levels.

You collected 67 gold pieces.

Inventory:

Hand Weapons
 a - a +0 rapier (weapon)
 k - a cursed -2 hand axe
Missiles
 h - 32 stones (quivered)
Armour
 b - a +0 scale mail (worn)
 c - a +0 shield
 e - a cursed +0 large shield (worn)
Jewellery
 i - a ring of protection from magic (left hand)
Scrolls
 j - a scroll of identify {!r, unknown}
Potions
 d - a potion of might {!q}
 l - a potion of haste {!q, unknown}
Comestibles
 f - a bread ration


   Skills:
 - Level 3.2 Fighting
 + Level 4.8 Short Blades
 - Level 2.1 Armour
 - Level 3.0 Shields


You had 2 spell levels left.
You didn't know any spells.

Dungeon Overview and Level Annotations

Branches:
Dungeon (4/15)
 Temple: D:4-7

Altars:
Elyvilon

Annotations:
D:3 Amnesiac's ghost, amateur MfFi
D:4 Amnesiac's ghost, amateur MfFi


Innate Abilities, Weirdness & Mutations

You revert to your normal form in water.
You are very nimble and swift while swimming.
You are covered in fur (AC +1).


Message History

The jackal bites you but does no damage.
The jackal completely misses you.
You completely miss the jackal. You block the jackal's attack.
You miss the jackal.
The jackal bites you but does no damage.
You block the jackal's attack.
You hit the jackal.
You kill the jackal!
The jackal bites you but does no damage.
You puncture the jackal!
You kill the jackal!
Amnesiac's ghost hits you.
* * * LOW HITPOINT WARNING * * *
Amnesiac's ghost screams, "You will join me soon!"
Amnesiac's ghost shrieks, "Do you think the gods will protect you?"
Amnesiac's ghost says, "You will join me soon!"
Amnesiac's ghost whispers, "There is no future for you."
Amnesiac's ghost says, "It's not the size of the blade that matters, it's how you use it."
Amnesiac's ghost screams, "Do you think the gods will protect you?"
A ball python skeleton comes into view.
You aren't carrying any items that you can evoke.
Unknown command.
You block Amnesiac's ghost's attack. Amnesiac's ghost hits you.
* * * LOW HITPOINT WARNING * * *
You barely miss the ball python skeleton.
The ball python skeleton bites you but does no damage.
The ball python skeleton grabs you.
The ball python skeleton constricts you.
Amnesiac's ghost hits you.
* * * LOW HITPOINT WARNING * * *
You hit the ball python skeleton.
You block the ball python skeleton's attack.
The ball python skeleton constricts you.
Amnesiac's ghost hits you.
* * * LOW HITPOINT WARNING * * *
You hit the ball python skeleton.
The ball python skeleton bites you but does no damage.
The ball python skeleton constricts you.
You block Amnesiac's ghost's attack.
You hit the ball python skeleton.
You destroy the ball python skeleton!
Amnesiac's ghost hits you.
* * * LOW HITPOINT WARNING * * *
Found 23 bolts and 19 stones.
Found a trident.
Found 20 gold pieces.
A worker ant comes into view.
The worker ant twitches its antennae in your direction.
You hit the worker ant.
The worker ant is lightly wounded.
The worker ant bites you.
* * * LOW HITPOINT WARNING * * *
You are lethally poisoned!
The worker ant poisons you! You block Amnesiac's ghost's attack.
The worker ant bites you but does no damage.
Drink which item? (? for menu, Esc to quit)
Really quaff
g - a fizzy silvery potion {!q}?
It was a potion of beneficial mutation {!q}.
Fur sprouts all over your body.
You feel fantastic!
* * * LOW HITPOINT WARNING * * *
You feel sick. Amnesiac's ghost hits you.
You die...

#. $$.# #.
####.#..# #.
#.......#
########## #.
#.#.#.#.#
.....h...# #.
#.).....#
########.# #.
#.#.#.#.#
.......#.#
#a###...(...#
.#####.#.#
#.@Wh.#.#.#..
.# ##.#.#
######.....(..
.# #..#.#
#...h.........
.# #.##.#
#.############
.# #.##.# #.#
.# #.##.# #h#
#####.##.# #.#
......##h# #.#
########.# #.#


You could see a worker ant, Amnesiac's ghost and a jackal.

Vanquished Creatures
  Jessica (D:2)
  A gnoll (D:1)
  2 bats
  A goblin (D:2)
  3 jackals (D:4)
  3 kobolds
  A ball python skeleton (D:4)
  2 giant newts
  A rat (D:2)
15 creatures vanquished.

Notes
Turn   | Place    | Note
--------------------------------------------------------------
     0 | D:1      | Amnesiac the Merfolk Fighter began the quest for the Orb.
     0 | D:1      | Reached XP level 1. HP: 18/18 MP: 1/1
    10 | D:1      | Reached skill level 3 in Short Blades
    10 | D:1      | Reached XP level 2. HP: 18/24 MP: 2/2
    67 | D:2      | Found a white marble altar of Elyvilon.
   117 | D:2      | Noticed Jessica
   139 | D:2      | Killed Jessica
   139 | D:2      | Reached skill level 4 in Short Blades
   139 | D:2      | Reached XP level 3. HP: 17/29 MP: 3/3
   261 | D:3      | Noticed Amnesiac's ghost (amateur MfFi)
   375 | D:4      | Noticed Amnesiac's ghost (amateur MfFi)
   543 | D:4      | Gained mutation: You are covered in fur (AC +1). [potion of beneficial mutation]
   543 | D:4      | Slain by Amnesiac's ghost

Skill      XL: |  1  2 |
---------------+-------+-----
Short Blades   | 3 4 |  4.8
Fighting       | |  3.2
Armour         | |  2.1
Shields        | |  3.0

Action                   || total
-------------------------++-------
Melee: Rapier            ||    60
  Use: Potion            ||     1
Armor: Scale mail        ||    29
Dodge: Dodged            ||    14
Block: Shield            ||     6
       Large shield      ||    34
